 Dungeon Crawl Stone Soup version 0.21.1-1-g345015f (webtiles) character file.

172 HammerPanzer the Cudgeler (level 5, -4/47 HPs)
             Began as a Minotaur Berserker on Mar 30, 2018.
             Was a Believer of Trog.
             Splashed by a jelly's acid (7 damage)
             ... on level 2 of the Dungeon.
             The game lasted 00:04:28 (2052 turns).

HammerPanzer the Cudgeler (Minotaur Berserker)      Turns: 2052, Time: 00:04:29

Health: -4/47      AC:  0    Str: 21    XL:     5   Next: 27%
Magic:  4/4        EV:  8    Int:  5    God:    Trog [**....]
Gold:   153        SH:  0    Dex: 10    Spells: 4/4 levels left

rFire    . . .     SeeInvis .   a - +0 mace
rCold    . . .     Gourm    .   (no shield)
rNeg     . . .     Faith    .   m - +0 chain mail (curse)
rPois    .         Spirit   .   (helmet restricted)
rElec    .         Reflect  .   (no cloak)
rCorr    .         Harm     .   (no gloves)
MR       .....                  (no boots)
Stlth    ..........             (no amulet)
HPRegen  0.15/turn              (no ring)
MPRegen  0.09/turn              (no ring)

@: corroded
A: retaliatory headbutt, horns 2
a: Berserk, Trog's Hand, Burn Spellbooks, Renounce Religion


You were on level 2 of the Dungeon.
You worshipped Trog.
Trog was pleased with you.
You were hungry.

You visited 1 branch of the dungeon, and saw 2 of its levels.

You collected 153 gold pieces.

Inventory:

Hand Weapons
 a - a +0 mace (weapon)
Armour
 m - a cursed +0 chain mail (worn)
Scrolls
 b - a scroll of enchant armour {unknown}
 e - a scroll of magic mapping {unknown}
 f - 4 scrolls of remove curse {unknown}
 i - a scroll of amnesia {unknown}
 j - a scroll of identify {unknown}
 k - a scroll of immolation {unknown}
 l - a scroll of teleportation {unknown}
Potions
 d - a potion of resistance {unknown}
 h - a potion of haste {unknown}
Comestibles
 c - 5 rations


   Skills:
 + Level 4.7 Fighting
 * Level 6.5 Maces & Flails
 - Level 2.4 Armour
 - Level 2.1 Dodging


You had 4 spell levels left.
You didn't know any spells.

Dungeon Overview and Level Annotations

Branches:
Dungeon (2/15)

Altars:


Innate Abilities, Weirdness & Mutations

You reflexively headbutt those who attack you in melee.
You have a pair of horns on your head.


Message History

* * * LOW HITPOINT WARNING * * *
The ooze hits you.
* * * LOW HITPOINT WARNING * * *
The jelly jiggles.
There is an open door here.
The jelly jiggles.
The ooze closely misses you.
You thump the ooze! Your headbutt misses the ooze.
The ooze is almost dead.
The ooze barely misses you.
You hit the ooze.
You kill the ooze!
Trog accepts your kill.
You hit the jelly. The acid corrodes you!
Your hands burn!
* * * LOW HITPOINT WARNING * * *
The jelly is heavily wounded.
The jelly hits you.
* * * LOW HITPOINT WARNING * * *
You are splashed with acid!
The acid burns!
You die...

######.# #...)..#. .......#...
#......#. ##.......# ##.#####.
##.####### #########.#####. ##.#
##########......##.......
##.######......##J...P..#####....
##..#.##.......#.#...÷..# #......
###(..'........#J#....PP# #......
# #()('..[.....#@#......# #......
# #)#.'......#'#)#.....÷# #......
###(#.##.....#.#.#÷÷....# #.....#
..(.#####....#.#.#.P....# #.....#
##### #######.##.....$# #.....#
################# #.....#
#............##############.....#
)#.#####......(..............####
...........#.##.#.###..#####.#


You could see a jelly and an ooze.

Vanquished Creatures
  2 jellies (D:2)
  2 adders (D:2)
  8 oozes (D:2)
  2 dart slugs
  A leopard gecko (D:1)
  3 giant cockroaches
  5 goblins
  3 hobgoblins
  2 jackals (D:1)
  A quokka (D:2)
  A ball python (D:2)
  5 bats
  4 frilled lizards
  15 kobolds
  3 rats
57 creatures vanquished.

Vanquished Creatures (others)
  2 fungi (D:2)
  9 toadstools (D:2)
11 creatures vanquished.

Grand Total: 68 creatures vanquished

Notes
Turn   | Place    | Note
-------+----------+-------------------------------------------
     0 | D:1      | HammerPanzer the Minotaur Berserker began the quest for the Orb.
     0 | D:1      | Reached XP level 1. HP: 19/19 MP: 0/0
    30 | D:1      | Reached skill level 4 in Maces & Flails
   375 | D:1      | Reached XP level 2. HP: 26/27 MP: 1/1
  1052 | D:2      | Reached ** piety under Trog
  1088 | D:2      | Reached XP level 3. HP: 24/33 MP: 2/2
  1483 | D:2      | Reached skill level 5 in Maces & Flails
  1917 | D:2      | Reached XP level 4. HP: 29/41 MP: 3/3
  2029 | D:2      | Reached skill level 6 in Maces & Flails
  2031 | D:2      | Reached XP level 5. HP: 26/47 MP: 4/4
  2052 | D:2      | Splashed by a jelly's acid

Skill      XL: |  1  2  3  4 |
---------------+-------------+-----
Maces & Flails | 4 5 6 |  6.5
Fighting       | 4 |  4.7
Armour         | |  2.4
Dodging        | |  2.1

Action                   |  1- 3 |  4- 6 || total
-------------------------+-------+-------++-------
Melee: Mace              |    92 |    31 ||   123
       Headbutt          |    10 |     7 ||    17
  Eat: Chunk             |     3 |       ||     3
Armor: Animal skin       |     4 |       ||     4
       Scale mail        |     8 |       ||     8
       Chain mail        |    22 |     9 ||    31
Dodge: Dodged            |    81 |    16 ||    97
